 Dungeon Sprint DCSS version 0.30.1-4-g462c640d31 (webtiles) character file.

Game seed: 12542431782947903498

1220 Heoruswealwe the Fetichist (level 8, -8/37 HPs)
             Began as a Spriggan Artificer on Aug 26, 2023.
             Was a Follower of Sif Muna.
             Mangled by Sonja
             ... wielding a +2 short sword of distortion
              (11 damage)
             ... in the Dungeon (Sprint I: "Red Sonja").
             The game lasted 00:03:20 (198 turns).

Heoruswealwe the Fetichist (Spriggan Artificer)      Turns: 198, Time: 00:03:21

Health: -8/37      AC:  2    Str:  8    XL:     8   Next: 23%
Magic:  9/9        EV: 24    Int: 15    God:    Sif Muna [*.....]
Gold:   405        SH:  0    Dex: 15    Spells: 7/7 levels left

rFire   . . .        a - +0 club
rCold   . . .        (no shield)
rNeg    . . .        c - +0 robe
rPois   .            (helmet restricted)
rElec   .            (no cloak)
rCorr   .            (gloves unavailable)
SInv    +            (boots unavailable)
Will    +....        (no amulet)
Stlth   ++++++       (no ring)
HPRegen 0.26/turn    (no ring)
MPRegen 0.11/turn

%: no teleportation
@: lethally poisoned (-8 -> -16), slowed, quick
A: very small, no large weapons, unfitting armour, see invisible, speed 3
a: Renounce Religion, Channel Magic


You were in the Dungeon.
You worshipped Sif Muna.
Sif Muna was aware of your devotion.
You visited 1 branch You collected 405 gold pieces.

Inventory:

Hand Weapons
 a - a +0 club (weapon)
Armour
 c - a +0 robe (worn)
Wands
 b - a wand of flame (14) (quivered)
 d - a wand of charming (15)
 e - a wand of iceblast (3)
Scrolls
 k - a scroll of blinking
 m - 2 scrolls of amnesia {unknown}
Potions
 f - a potion of curing
 g - a potion of heal wounds
 h - a potion of haste
 i - 2 potions of magic
 j - 2 potions of berserk rage
 l - a potion of flight {unknown}


   Skills:
 - Level 0.7 Fighting
 + Level 12.3 Dodging
 + Level 14.0 Stealth
 * Level 16.8 Evocations


You had 7 spell levels left.
You didn't know any spells.
Your spell library was empty.

Dungeon Overview and Level Annotations

Branches:
Dungeon (1/1)

Altars:
Cheibriados
Dithmenos
Elyvilon
Fedhas
Gozag
Hepliaklqana
Kikubaaqudgha
Makhleb
Nemelex Xobeh
Okawaru
Qazlal
Ru
Sif Muna
Trog
Uskayaw
Vehumet
Wu Jian
Xom
Yredelemnul
Zin
The Shining One
Jiyva
Lugonu

Shops:
D [

Annotations:
D Sonja


Innate Abilities, Weirdness & Mutations

You are very small and have problems with some larger weapons.
You are too small for most types of armour.
You have supernaturally acute eyesight. (SInv)
You cover ground extremely quickly. (Speed+++)


Message History

Your Stealth skill increases to level 13!
Your Evocations skill gained 2 levels and is now at level 16!
The puff of flame hits the kobold demonologist!
You kill the kobold demonologist!
Sif Muna accepts your kill.
Your Dodging skill increases to level 12!
Your Stealth skill increases to level 14!
You have reached level 8!
There is an open door here.
Things that are here:
a +0 dagger; a +0 robe
Things that are here:
a +0 dagger; a +0 robe
There is an open door here.
There is an open door here.
There is an open door here.
There is an open door here.
Things that are here:
a +0 falchion; a yak corpse
There is an ornate altar of the Wu Jian Council here.
You open the door.
Sonja, the Graceful Assassin comes into view.
She is wielding a +2 short sword of distortion and quivering curare-tipped darts.
Found 108 gold pieces.
The puff of flame hits Sonja!
Sonja is heavily wounded.
Sonja shouts!
Sonja throws a curare-tipped dart.
The curare-tipped dart hits you.
You are poisoned.
You have difficulty breathing.
You feel yourself slow down.
Sonja gestures wildly while chanting.
Sonja blinks!
The puff of flame hits Sonja!
Sonja is almost dead.
You feel very sick.
Sonja hits you with a +2 short sword of distortion!
Space warps around you. Sonja misses you. Sonja completely misses you.
Sonja hits you with a +2 short sword of distortion!
* * * LOW HITPOINT WARNING * * *
Space warps horribly around you!
You die...

##########################
#<.#..'..#..'..#__#..'..)#
#..)..#..').#..'..'..#.).#
#..#####'#####'#__####...+
#..####..#...#.#### #####
#..#__####..##)#
#..#_____##'#_.+
#⌠⌠#_.∩...'..._#
####_..__##_@#'#
#_____###K#.# #######
#.### $.$ $§$ ##.## #+#


You could see Sonja.

Vanquished Creatures
  2 kobold demonologists (D)
  Sigmund (D)
  A slime creature (D)
  A yak (D)
  A floating eye (D)
  An ogre (D)
  A jelly (D)
  Ijyb (D)
9 creatures vanquished.

Notes
Turn   | Place    | Note
-------+----------+-------------------------------------------
     0 | D        | Heoruswealwe the Spriggan Artificer began the quest for the
                  | Orb.
     0 | D        | Reached XP level 1. HP: 9/9 MP: 2/2
     1 | D        | Noticed Ijyb
     7 | D        | Killed Ijyb
     8 | D        | Reached skill level 6 in Evocations
     8 | D        | Reached XP level 2. HP: 10/14 MP: 3/3
    31 | D        | Noticed an ogre
    39 | D        | Killed an ogre
    40 | D        | Reached skill level 9 in Evocations
    40 | D        | Reached XP level 3. HP: 17/17 MP: 4/4
    40 | D        | Reached XP level 4. HP: 21/21 MP: 5/5
    54 | D        | Noticed Sigmund
    58 | D        | Killed Sigmund
    59 | D        | Reached skill level 12 in Evocations
    59 | D        | Reached XP level 5. HP: 25/25 MP: 6/6
    59 | D        | Reached XP level 6. HP: 29/29 MP: 7/7
    73 | D        | Found an ornate altar of the Wu Jian Council.
    73 | D        | Found a shimmering blue altar of Sif Muna.
    78 | D        | Reached skill level 10 in Stealth
    79 | D        | Found a radiant altar of Vehumet.
   105 | D        | Found Wauposub's Antique Armour Emporium.
   105 | D        | Found an ancient bone altar of Kikubaaqudgha.
   105 | D        | Found a hazy altar of Hepliaklqana.
   105 | D        | Found a stormy altar of Qazlal.
   105 | D        | Found a hide-covered altar of Uskayaw.
   105 | D        | Found a blossoming altar of Fedhas.
   105 | D        | Found a bloodstained altar of Trog.
   105 | D        | Found an iron altar of Okawaru.
   105 | D        | Found a basalt altar of Yredelemnul.
   105 | D        | Found a glowing golden altar of the Shining One.
   105 | D        | Found a snail-covered altar of Cheibriados.
   105 | D        | Found a sacrificial altar of Ru.
   105 | D        | Found a glowing silver altar of Zin.
   105 | D        | Found a shadowy altar of Dithmenos.
   105 | D        | Found a white marble altar of Elyvilon.
   105 | D        | Noticed a yak
   113 | D        | Killed a yak
   114 | D        | Reached skill level 10 in Dodging
   114 | D        | Reached skill level 13 in Evocations
   117 | D        | Became a worshipper of Sif Muna the Loreminder
   121 | D        | Found an opulent altar of Gozag.
   122 | D        | Found a sparkling altar of Nemelex Xobeh.
   138 | D        | Found a burning altar of Makhleb.
   138 | D        | Found a viscous altar of Jiyva.
   138 | D        | Found a shimmering altar of Xom.
   138 | D        | Found a corrupted altar of Lugonu.
   138 | D        | Noticed a slime creature
   151 | D        | Killed a slime creature
   152 | D        | Reached skill level 14 in Evocations
   152 | D        | Reached XP level 7. HP: 32/32 MP: 8/8
   174 | D        | Noticed a kobold demonologist
   175 | D        | Killed a kobold demonologist
   175 | D        | Reached * piety under Sif Muna
   175 | D        | Noticed a kobold demonologist
   176 | D        | Reached skill level 16 in Evocations
   176 | D        | Killed a kobold demonologist
   177 | D        | Reached XP level 8. HP: 37/37 MP: 9/9
   196 | D        | Noticed Sonja
   198 | D        | Mangled by Sonja

Illustrated notes

Levels and vault maps discovered:
D:        dungeon_sprint_1 [red_sonja_temple_1, red_sonja_temple_small_1]

Skill      XL: |  1  2  3  4  5  6  7 |
---------------+----------------------+-----
Dodging        | 4 6 8 10 12 | 12.3
Stealth        | 4 7 9 12 14 | 14.0
Evocations     | 6 9 12 14 16 | 16.8
Fighting       | |  0.7

Action                     |  1- 3 |  4- 6 |  7- 9 || total
---------------------------+-------+-------+-------++-------
  Evoke: Wand              |    10 |    15 |     4 ||    29
  Dodge: Dodged            |     1 |     1 |     2 ||     4
